AoeStats
← tenduril

Arena

510250162Analyzed
3v3 RM · 2d ago on Sep 30, 2026· 35m 59s· 6 players
Game mode
Random Map
Map size
Normal (6 player)
Population
200
Speed
Normal
Resources
Standard
Victory
Conquest
Starting age
Dark Age
Ending age
Imperial Age
RankedLock teamsTeams togetherTeam positionsShared explorationLock speedFull tech treeHidden civsTurbo modeCheats
Victory
Defeat
🇨🇴 Huns · Colombia
1134
+12
🇨🇴 Bohemians · Colombia
1077
+14
🇨🇴 Wei · Colombia
1071
+15
🇪🇨 Lithuanians · Ecuador
1062
-14
🇺🇸 Varangians · United States
1042
-14
🇨🇳 Bohemians · China
1026
-13
tenduril
11:25 Feudal Age
12:01 Double-Bit Axe
15:07 Loom
17:22 Castle Age
16:40 Horse Collar
16:55 Gold Mining
20:44 Bow Saw
20:36 Heavy Plow
20:33 Stone Mining
23:10 Forging
23:00 Scale Mail Armor
23:47 Wheelbarrow
Julius Caesar
7:34 Loom
10:01 Feudal Age
10:36 Double-Bit Axe
10:45 Horse Collar
17:26 Castle Age
18:06 Wheelbarrow
19:28 Bow Saw
19:21 Heavy Plow
22:40 Fervor
26:13 Pikeman
26:54 Squires
27:25 Scale Mail Armor
27:35 Forging
28:49 Chain Mail Armor
30:28 Man-at-Arms
Bry.D
8:52 Feudal Age
13:44 Castle Age
14:10 Loom
14:49 Husbandry
14:55 Double-Bit Axe
23:52 Fletching
27:39 Bodkin Arrow
28:58 Bloodlines
30:47 Wheelbarrow
30:54 Wheelbarrow
30:35 Scale Barding Armor
30:40 Forging
30:52 Forging
32:15 Chain Barding Armor
32:47 Hand Cart
32:19 Town Watch
33:14 Iron Casting
35:27 Imperial Age
33:30 Thumb Ring
33:36 Elite Skirmisher
34:53 Chain Barding Armor
35:08 Iron Casting
35:20 Iron Casting
johnhembert
12:13 Feudal Age
14:01 Double-Bit Axe
16:31 Castle Age
14:18 Horse Collar
15:31 Gold Mining
15:35 Stone Mining
16:28 Loom
17:20 Wheelbarrow
21:50 Bow Saw
23:08 Heavy Plow
25:51 Gold Shaft Mining
25:51 Stone Shaft Mining
26:03 Hand Cart
27:53 Forging
27:50 Scale Barding Armor
31:38 Imperial Age
30:23 Iron Casting
31:04 Husbandry
31:14 Bloodlines
30:25 Light Cavalry
32:03 Tuntian
32:43 Chain Barding Armor
31:49 Heavy Hei Guang Cavalry
34:00 Chemistry
33:21 Ballistics
32:41 Treadmill Crane
35:17 Blast Furnace
zFox1982
12:15 Feudal Age
13:58 Horse Collar
16:45 Castle Age
14:58 Double-Bit Axe
21:03 Imperial Age
18:53 Fervor
20:27 Heavy Plow
21:45 Chemistry
22:13 Bow Saw
28:25 Padded Archer Armor
32:23 Loom
34:37 Leather Archer Armor
chomisplate
10:02 Feudal Age
11:17 Loom
14:34 Castle Age
13:15 Double-Bit Axe
16:39 Horse Collar
22:19 Forging
22:56 Bloodlines
24:24 Iron Casting
23:58 Fletching
24:23 Gold Mining
28:01 Wheelbarrow
31:53 Heavy Plow
33:07 Gold Shaft Mining
33:34 Bodkin Arrow
33:41 Padded Archer Armor
34:48 Ballistics
36:05 Thumb Ring
Connection lost

Rejoining the realm…

Still unreachable

The connection could not be restored.

Session expired

The server has moved on; the page needs a fresh start.